 Dungeon Crawl Stone Soup version 0.30-a0-122-g2a1322497e (webtiles) character file.

Game seed: 17724971659823593381

57 ragingrage the Cudgeller (level 3, 0/24 HPs)
             Began as a Demonspawn Wanderer on Sept 15, 2022.
             Slain by a gnoll
             ... wielding a +0 halberd
              (12 damage)
             ... on level 3 of the Dungeon.
             The game lasted 00:01:47 (2110 turns).

ragingrage the Cudgeller (Demonspawn Wanderer)      Turns: 2110, Time: 00:01:48

Health: 0/24       AC:  7    Str: 14    XL:     3   Next: 73%
Magic:  3/3        EV:  9    Int: 12    God:
Gold:   130        SH:  5    Dex: 13    Spells: 2/2 levels left

rFire   . . .      SeeInvis .    a - +2 mace
rCold   . . .      Faith    .    (no shield)
rNeg    . . .      Spirit   .    m - +0 scale mail
rPois   .          Reflect  +    (no helmet)
rElec   .          Harm     .    (no cloak)
rCorr   .          Rampage  .    l - +0 pair of gloves
Will    .....                    (no boots)
Stlth   ..........               g - amulet of reflection
HPRegen 0.08/turn                (no ring)
MPRegen 0.08/turn                (no ring)

@: no status effects
A: foul stench 1
a: no special abilities


You were on level 3 of the Dungeon.
You visited 1 branch of the dungeon, and saw 3 of its levels.

You collected 130 gold pieces.

Inventory:

Hand Weapons
 a - a +2 mace (weapon)
 b - a +0 short sword
 d - a +0 dagger
 f - a +1 vampiric dagger
Missiles
 c - 7 poisoned darts (quivered)
Armour
 l - a +0 pair of gloves (worn)
 m - a +0 scale mail (worn)
Jewellery
 g - an amulet of reflection (around neck)
Scrolls
 e - 2 scrolls of silence
 j - 2 scrolls of magic mapping {unknown}
 n - a scroll of poison {unknown}
 o - a scroll of butterflies {unknown}
Potions
 h - a potion of ambrosia {unknown}
 i - a potion of brilliance {unknown}
 k - a potion of curing {unknown}


   Skills:
 - Level 1.7 Short Blades
 + Level 3.7 Maces & Flails
 - Level 1.7 Throwing
 - Level 1.0 Armour
 - Level 1.0 Dodging
 - Level 1.0 Stealth
 - Level 1.2 Invocations


You had 2 spell levels left.
You didn't know any spells.
Your spell library was empty.

Dungeon Overview and Level Annotations

Branches:
Dungeon (3/15)

Altars:


Innate Abilities, Weirdness & Mutations

You may rarely emit foul miasma when damaged in melee.


Message History

The gnoll is lightly wounded.
The gnoll hits you but does no damage.
You closely miss the gnoll.
The gnoll is lightly wounded.
The gnoll misses you. The gnoll barely misses you.
You hit the gnoll.
The gnoll is moderately wounded.
The gnoll closely misses you.
You hit the gnoll.
The gnoll is severely wounded.
The gnoll hits you with a +0 whip.
You barely miss the gnoll.
The gnoll is severely wounded.
You block the gnoll's attack.
You hit the gnoll.
The gnoll is almost dead.
You block the gnoll's attack.
You hit the gnoll.
You kill the gnoll!
You see here a +0 whip.
You start resting.
HP restored.
You see here a +0 whip.
There is a stone staircase leading down here.
You climb downwards.
There is a stone staircase leading up, spattered with blood here.
The gnoll hits you with a +0 halberd.
Things that are here:
a +0 club; a gnoll corpse You barely miss the gnoll.
The gnoll barely misses you.
You barely miss the gnoll. The gnoll closely misses you.
You block the gnoll's attack.
You hit the gnoll.
The gnoll is lightly wounded.
The gnoll hits you with a +0 halberd.
You sock the gnoll!
The gnoll is severely wounded.
The gnoll hits you with a +0 halberd!
Ouch! That really hurt!
You die...

########
.......#
######
.......#
#....###
.......#
#.#....#
.......#
#.####.#
g......#
#....#<#
#....#
####.#@#
#.##.# ##.#g#
# #g####
#...g#
#.g..####g####
####.g.g..####
#..##.....#
#...#.###.#
#####...#.#
###.#.#


You could see 2 gnolls.

Vanquished Creatures
  2 gnolls
  An adder (D:3)
  2 worms (D:2)
  2 dart slugs
  4 bats
  2 endoplasms (D:2)
  A goblin (D:2)
  A ball python (D:2)
  A frilled lizard (D:1)
  2 kobolds (D:1)
  2 rats (D:2)
20 creatures vanquished.

Notes
Turn   | Place    | Note
-------+----------+-------------------------------------------
     0 | D:1      | ragingrage the Demonspawn Wanderer began the quest for the
                  | Orb.
     0 | D:1      | ragingrage set off with the following items: a +2 mace, a
                  | +0 short sword, 7 poisoned darts, a +0 dagger, a scroll of
                  | silence, a +0 robe.
     0 | D:1      | Reached XP level 1. HP: 13/13 MP: 1/1
   130 | D:1      | Reached skill level 2 in Maces & Flails
   337 | D:1      | You fall into a shaft and drop 1 floor!
   503 | D:2      | Gained mutation: You may rarely emit foul miasma when
                  | damaged in melee. [demonic ancestry]
   503 | D:2      | Reached XP level 2. HP: 16/19 MP: 2/2
   974 | D:1      | Found a faded altar of an unknown god.
  1350 | D:2      | Reached skill level 3 in Maces & Flails
  1803 | D:3      | Reached XP level 3. HP: 13/24 MP: 3/3
  2110 | D:3      | Slain by a gnoll

Illustrated notes

Levels and vault maps discovered:
D:1:      lightli_arrival_maybe_door_vault, layout_basic,
          shapermc_ecumenical_altar_pompeii, minmay_distorted
D:2:      layout_loops_cross
D:3:      layout_basic, general_overflow_altar

Skill      XL: |  1  2 |
---------------+-------+-----
Maces & Flails | 2 3 |  3.7
Short Blades   | |  1.7
Throwing       | |  1.7
Armour         | |  1.0
Dodging        | |  1.0
Stealth        | |  1.0
Invocations    | |  1.2

Action                   || total
-------------------------++-------
Melee: Mace              ||    71
 Stab: Sleeping          ||     2
Armor: Robe              ||     6
       Scale mail        ||    13
Dodge: Dodged            ||    38
Block: Other             ||    11

Table legend: (Time is in decaauts)
 A = Elapsed time spent in this place.
 B = Non-inter-level travel time spent in this place.
 C = Inter-level travel time spent in this place.
 D = Time resting spent in this place.
 E = Time spent auto-exploring this place.
 F = Levels seen in this place.
 G = Mean time per level.
                   A        B        C        D        E       F      G
               +--------+--------+--------+--------+--------+-----+--------+
         Total |   2128 |   2042 |     86 |    408 |   1390 |   3 |  709.3 |
       Dungeon |   2128 |   2042 |     86 |    408 |   1390 |   3 |  709.3 |
               +--------+--------+--------+--------+--------+-----+--------+

Top non-repeatable levels by time:
     D:2: 1072 daAuts
     D:1: 850 daAuts
     D:3: 205 daAuts
